 Dungeon Crawl Stone Soup version 0.25-a0-55-g0753fd1ad2 (webtiles) character file.

Game seed: 18227645464924531645, levelgen mode: deterministic

5237 Arixos the Covert (level 10, -6/88 HPs)
             Began as a Naga Enchanter on Oct 25, 2019.
             Was a Believer of Fedhas.
             Killed from afar by an electric eel (11 damage)
             ... with a bolt of electricity
             ... on level 9 of the Dungeon.
             The game lasted 01:28:58 (14108 turns).

Arixos the Covert (Naga Enchanter)                 Turns: 14108, Time: 01:28:59

Health: -6/88      AC:  7    Str: 11    XL:     10   Next: 61%
Magic:  16/17      EV: 14    Int: 17    God:    Fedhas [**....]
Gold:   534        SH:  0    Dex: 13    Spells: 14/19 levels left

rFire    + . .     SeeInvis +   I - +2 short sword (holy)
rCold    . . .     Gourm    +   (no shield)
rNeg     . . .     Faith    .   r - +0 leather armour
rPois    +         Spirit   .   h - +0 helmet
rElec    .         Reflect  .   J - +0 cloak
rCorr    .         Harm     .   (no gloves)
MR       +....                  (no barding)
Stlth    ++++......             t - amulet of the gourmand
HPRegen  0.24/turn              v - ring of protection from fire
MPRegen  0.15/turn              F - +3 ring of evasion

@: very slow
A: large, see invisible, deformed body, poison resistance, slowness 2, slow
metabolism 1, spit poison 1, AC +3
a: Spit Poison, Wall of Briars, Renounce Religion


You were on level 9 of the Dungeon.
You worshipped Fedhas.
Fedhas was pleased with you.
You were completely stuffed.

You visited 3 branches of the dungeon, and saw 11 of its levels.
You also visited: Sewer.

You collected 534 gold pieces.

Inventory:

Hand Weapons
 D - a +5 short sword
 I - a +2 short sword of holy wrath (weapon)
Missiles
 G - 16 poisoned darts (quivered)
Armour
 h - a +0 helmet (worn)
 r - a +0 leather armour (worn)
 J - a +0 cloak (worn)
Jewellery
 t - an amulet of the gourmand (around neck)
 v - a ring of protection from fire (left hand)
 E - an uncursed ring of resist corrosion
 F - a +3 ring of evasion (right hand)
Wands
 n - a wand of iceblast (5)
 y - a wand of polymorph (9)
 H - a wand of paralysis (5)
Scrolls
 b - 5 scrolls of remove curse
 c - 2 scrolls of magic mapping
 f - 5 scrolls of identify
 g - 2 scrolls of teleportation {unknown}
 i - 3 scrolls of blinking
 j - 2 scrolls of immolation {unknown}
 o - a scroll of random uselessness {unknown}
 q - 4 scrolls of amnesia
 u - 2 scrolls of enchant armour {unknown}
 w - a scroll of fear {unknown}
 B - 2 scrolls of enchant weapon
Potions
 e - 7 potions of curing
 k - 3 potions of magic {unknown}
 l - a potion of haste {unknown}
 m - a potion of flight {unknown}
 p - a potion of might {unknown}
 s - 2 potions of heal wounds {unknown}
 x - a potion of invisibility {unknown}
 z - 3 potions of degeneration {unknown}
 A - 2 potions of mutation {unknown}
 C - a potion of cancellation {unknown}
Comestibles
 d - 15 rations


   Skills:
 + Level 5.2 Fighting
 + Level 5.2 Short Blades
 + Level 4.2 Armour
 + Level 4.6 Dodging
 + Level 9.3 Stealth
 + Level 5.2 Spellcasting
 + Level 6.3 Hexes
 - Level 4.0 Ice Magic
 + Level 4.5 Invocations


You had 14 spell levels left.
You knew the following spells:

 Your Spells              Type           Power        Failure   Level  Hunger
a - Ensorcelled Hibernat  Hex/Ice        ###...       3%          2    #......
c - Confuse               Hex            ####....     4%          3    ###....

Your spell library contained the following spells:

 Spells                   Type           Power        Failure   Level  Hunger
 Corona                   Hex            ####...      1%          1    None
 Tukima's Dance           Hex            ####....     4%          3    ###....
 Dazzling Spray           Conj/Hex       ###...       14%         3    ###....
 Beastly Appendage        Tmut           #.....       19%         1    None
 Sticks to Snakes         Tmut           #.......     26%         2    #......
 Spider Form              Tmut/Pois      #.........   47%         3    ###....
 Ice Form                 Ice/Tmut       ##......     61%         4    ####...
 Blade Hands              Tmut           #.........   99%         5    ######.


Dungeon Overview and Level Annotations

Branches:
Dungeon (9/15)             Temple (1/1) D:4            Lair (1/6) D:8
  Sewer (visited)
    Orc: D:9-12

Altars:
Ashenzari
Cheibriados
Dithmenos
Elyvilon
Fedhas
Gozag
Hepliaklqana
Kikubaaqudgha
Makhleb
Nemelex Xobeh
Okawaru
Qazlal
Ru
Sif Muna
Trog
Uskayaw
Vehumet
Wu Jian
Xom
Yredelemnul
Zin
The Shining One

Shops:
D:8 (}

Annotations:
D:4 Grinder
D:8 1 runed translucent door, TerjeT's ghost, novice DrEE


Innate Abilities, Weirdness & Mutations

You cannot wear boots.
Your serpentine skin is tough. (AC +3)
You have supernaturally acute eyesight. (SInv)
Armour fits poorly on your strangely shaped body.
Your system is resistant to poisons. (rPois)
You cover ground very slowly.
You have a slow metabolism.
You can spit poison.


Message History

The electric eel shoots out a bolt of lightning at you!
The bolt of electricity hits you!
* * * LOW HITPOINT WARNING * * *
The electric eel shoots out a bolt of lightning at you!
The bolt of electricity misses you.
The electric eel shoots out a bolt of lightning at you!
The bolt of electricity hits the plant!
The bolt of electricity misses you.
The electric eel shoots out a bolt of lightning at you!
The bolt of electricity hits you!
* * * LOW HITPOINT WARNING * * *
The electric eel shoots out a bolt of lightning at you!
The bolt of electricity hits the plant.
The bolt of electricity hits you.
* * * LOW HITPOINT WARNING * * *
The electric eel shoots out a bolt of lightning at you!
The bolt of electricity hits the plant!
The bolt of electricity hits you!
* * * LOW HITPOINT WARNING * * *
The electric eel shoots out a bolt of lightning at you!
The bolt of electricity hits the plant!
The bolt of electricity hits you!
You die...
Fedhas appreciates your contribution to the ecosystem.

##§§.§§###......
##§..## #....<.
#####...# #..#####
#....(..♣ ♣..#
#.####.≈♣ ♣≈.# #.#
#P≈≈≈≈≈≈≈# #.#
♣♣P≈≈≈≈≈♣≈♣### #.#
≈≈≈♣≈≈≈≈≈≈... #@#
P≈≈PP≈≈≈≈≈♣... #.#
≈≈♣≈≈P♣;≈≈≈♣..
#.#♣≈≈≈≈P≈≈≈♣≈≈P..
#.#♣♣P≈≈≈; ≈P♣P≈..
#.♣P≈≈≈≈≈≈;≈≈≈≈≈..
#.≈♣ ≈;≈≈≈≈≈≈≈≈♣≈.
#.P♣≈≈≈≈≈≈≈≈≈♣≈♣♣.
#.;≈;≈≈≈≈≈≈≈≈≈P ♣.
#.♣♣P≈≈≈≈≈ ≈≈.


You could see an electric eel.

Vanquished Creatures
  Maurice (D:9)
  A troll (D:9)
  2 hippogriffs
  3 yaks
  3 ice beasts
  2 sky beasts
  2 black bears
  Purgy (D:4)
  A phantom (D:9)
  An ogre (D:6)
  2 crocodiles (D:8)
  5 bullfrogs
  A water moccasin skeleton (D:7)
  2 scorpions (D:9)
  6 killer bees
  A wight (D:7)
  A howler monkey (D:8)
  4 jellies
  2 orc priests
  An orc wizard (D:7)
  A hound (D:8)
  A bullfrog skeleton (D:4)
  3 iguanas
  5 worker ants
  A hound skeleton (D:9)
  Robin (D:4)
  18 adders
  A howler monkey skeleton (D:5)
  7 gnolls
  3 river rats (D:5)
  A shadow imp (D:5)
  7 oozes (Sewer)
  3 adder skeletons
  4 worms
  A dart slug (D:1)
  9 leopard geckos
  25 orcs
  10 ball pythons
  7 bats
  13 giant cockroaches
  11 goblins
  10 hobgoblins
  5 jackals (D:8)
  5 quokkas
  16 frilled lizards
  12 kobolds
  A leopard gecko zombie (D:6)
  6 rats
229 creatures vanquished.

Vanquished Creatures (collateral kills)
  Pikel (D:9)
  A yak (D:9)
  A spriggan (D:7)
  2 ice beasts
  An orc warrior (D:8)
  3 slaves (D:9)
  A black bear (D:7)
  2 ogres (D:9)
  A big kobold (D:6)
  A bullfrog (D:7)
  15 killer bees
  3 wights (D:8)
  A quasit (D:8)
  A crimson imp (D:7)
  3 orc priests (D:8)
  An orc wizard (D:5)
  2 adders
  A shadow imp (D:8)
  4 orcs
  A giant cockroach (D:7)
  4 jackals (D:9)
  A ballistomycete spore (D:8)
51 creatures vanquished.

Vanquished Creatures (others)
  4 fungi (D:8)
  4 plants (D:9)
8 creatures vanquished.

Grand Total: 288 creatures vanquished

Notes
Turn   | Place    | Note
-------+----------+-------------------------------------------
     0 | D:1      | Arixos the Naga Enchanter began the quest for the Orb.
     0 | D:1      | Reached XP level 1. HP: 15/15 MP: 3/3
   163 | D:1      | Reached XP level 2. HP: 16/22 MP: 5/5
   644 | D:1      | Learned a level 2 spell: Ensorcelled Hibernation
  1059 | D:2      | Reached XP level 3. HP: 30/30 MP: 3/6
  1099 | D:2      | Learned a level 3 spell: Confuse
  1247 | D:2      | Found a stormy altar of Qazlal.
  1450 | D:2      | Reached skill level 1 in Fighting
  1910 | D:2      | Reached XP level 4. HP: 29/38 MP: 0/7
  2916 | D:3      | Reached skill level 5 in Stealth
  3519 | D:3      | Reached skill level 1 in Ice Magic
  3519 | D:3      | Reached XP level 5. HP: 44/44 MP: 1/8
  4455 | D:3      | Reached skill level 1 in Armour
  4509 | D:4      | Found a staircase to the Ecumenical Temple.
  4586 | Temple   | Entered the Ecumenical Temple
  4593 | Temple   | Became a worshipper of Fedhas Madash
  4657 | D:4      | Reached XP level 6. HP: 52/52 MP: 4/10
  4891 | D:4      | Found an opulent altar of Gozag.
  5086 | D:4      | Noticed Purgy
  5095 | D:4      | Killed Purgy
  5185 | D:4      | Noticed Robin
  5206 | D:4      | Killed Robin
  5402 | D:4      | Reached XP level 7. HP: 60/60 MP: 7/11
  5524 | D:4      | Reached * piety under Fedhas
  5742 | D:4      | Noticed Grinder
  5967 | D:5      | Entered Level 5 of the Dungeon
  6137 | D:5      | Found a glowing drain.
  6184 | Sewer    | Entered a sewer
  6653 | Sewer    | Reached ** piety under Fedhas
  7219 | Sewer    | Reached skill level 6 in Stealth
  7685 | D:5      | Found a shimmering altar of Xom.
  7694 | D:5      | Found a shimmering altar of Xom.
  7698 | D:5      | Found a shimmering altar of Xom.
  7698 | D:5      | Found a shimmering altar of Xom.
  7699 | D:5      | Found a shimmering altar of Xom.
  7867 | D:5      | Reached XP level 8. HP: 60/68 MP: 4/13
  8330 | D:6      | Reached skill level 1 in Invocations
  9245 | D:7      | Reached skill level 7 in Stealth
  9266 | D:7      | Reached XP level 9. HP: 76/76 MP: 13/15
  9353 | D:7      | Found a bloodstained altar of Trog.
  9369 | D:7      | Reached skill level 5 in Hexes
 10163 | D:8      | Reached *** piety under Fedhas
 10607 | D:8      | Found a staircase to the Lair.
 10648 | D:8      | Reached skill level 8 in Stealth
 11326 | D:8      | Reached XP level 10. HP: 62/87 MP: 2/17
 11508 | D:8      | Found a runed translucent door.
 11509 | D:8      | Noticed TerjeT's ghost (novice DrEE)
 11510 | D:8      | Identified the +4 spear "Ycsicvyst" {elec, rElec rPois
                  | Dex-5 SInv}
 11549 | D:8      | Found Cefywomo's Antique Weapon Boutique.
 11566 | D:8      | Found Jeawuak's Gadget Emporium.
 12024 | Lair:1   | Entered Level 1 of the Lair of Beasts
 12228 | Lair:1   | Noticed a spiny frog
 12544 | D:9      | Found an ancient bone altar of Kikubaaqudgha.
 12765 | D:9      | Found a shadowy altar of Dithmenos.
 12809 | D:9      | Noticed Maurice
 13104 | D:9      | Found a hazy altar of Hepliaklqana.
 13222 | D:9      | Killed Maurice
 13222 | D:9      | Reached skill level 5 in Short Blades
 13222 | D:9      | Reached skill level 5 in Spellcasting
 13271 | D:9      | Noticed Pikel
 13279 | D:9      | Reached skill level 9 in Stealth
 13318 | D:9      | Killed Pikel
 13318 | D:9      | Reached skill level 5 in Fighting
 14106 | D:9      | HP: 4/88 [electric eel/bolt of electricity (7)]
 14108 | D:9      | Killed from afar by an electric eel

Levels and vault maps discovered:
D:1:      dpeg_arrival_windows_large_door, layout_basic
D:2:      layout_rooms, grunt_qazlal_sundering
D:3:      layout_rooms, first_ration, minmay_misc_feat_chi,
          minmay_fractal_squares_gapless_5
D:4:      layout_loops_cross, grunt_gozag_statues, minmay_temple_entry_slanted,
          uniq_robin, uniq_grinder, uniq_purgy
D:5:      layout_basic, lightli_sewer_entry_pipes, minmay_misc_feat_roman,
          xom_redecorated
D:6:      layout_rooms, minivault_23, minmay_curled_crystal
D:7:      layout_gridville, trog_ov_bears_minmay, the_bakery
D:8:      layout_cave_pools, david_lair_generic, serial_shops, shop,
          nicolae_shop_stone, ebering_ghost_funeral_grove
D:9:      layout_small_grid, lemuel_round_altar, nicolae_dithmenos_the_darkroom,
          basic_altar, serial_bayou_lake_a, uniq_pikel, uniq_maurice
Temple:   nicolae_temple_no_exploring_needed
Lair:1:   layout_long_grid, basic_altar

Table legend:
 A = Non-vault XP
 B = Vault XP
 C = Vault XP percentage of total XP
 D = Non-vault monster count
 E = Vault monster count
 F = Vault count percentage of total count
                 A         B        C        D         E       F
            +---------+---------+-------+---------+---------+-------
      Total |    5308 |    2174 |  29.1 |     198 |      78 |  28.3
            +---------+---------+-------+---------+---------+-------
        D:1 |      28 |       0 |   0.0 |      16 |       0 |   0.0
        D:2 |      77 |       0 |   0.0 |      21 |       0 |   0.0
        D:3 |     127 |      16 |  11.2 |      19 |       3 |  13.6
        D:4 |     273 |     158 |  36.7 |      17 |      11 |  39.3
        D:5 |     311 |      81 |  20.7 |      14 |      12 |  46.2
        D:6 |     720 |       0 |   0.0 |      21 |       0 |   0.0
        D:7 |     881 |     334 |  27.5 |      21 |       3 |  12.5
        D:8 |     929 |     630 |  40.4 |      37 |       4 |   9.8
        D:9 |    1739 |     732 |  29.6 |      31 |       2 |   6.1
     Lair:1 |     223 |       0 |   0.0 |       1 |       0 |   0.0
      Sewer |       0 |     223 | 100.0 |       0 |      43 | 100.0
            +---------+---------+-------+---------+---------+-------
